BR (22 & UNDER)
SANTA CLARITA MUSIC @ YELLOWKNIFE CLAWS
07/30/2030
 
TOP OF THE 1ST
Santa Clarita Music batting - Pitching for Yellowknife Claws : RHP Junior Ruíz
Pitching: RHP Junior Ruíz
Batting: RHB Roberto García 0-0: Swinging Strike
0-1: Ball
1-1: Ball
2-1: Ball
3-1: DOUBLE (Line Drive, 78D)
Batting: RHB Bill Ménard 0-0: Foul Ball, location: 2F
0-1: Ball
1-1: Swinging Strike
1-2: SINGLE (Groundball, 56D)
Roberto García to third
Batting: LHB Federico Medina 0-0: Ball
1-0: Swinging Strike
1-1: Swinging Strike
1-2: Ball
2-2: Ball
3-2: 3-RUN HOME RUN (Flyball, 9LD), Distance : 334 ft
Batting: RHB Júlio Mateo 0-0: SOLO HOME RUN (Flyball, 89XD), Distance : 418 ft
Batting: LHB Daryl Thomas 0-0: Foul Ball, location: 2F
0-1: Ball
1-1: Ball
2-1: Ball
3-1: Swinging Strike
3-2: Foul Ball, location: 2F
3-2: Strikes out looking
Batting: RHB Leroy Bates 0-0: Ball
1-0: Called Strike
1-1: Swinging Strike
1-2: Ball
2-2: Foul Ball, location: 2F
2-2: Ball
3-2: Strikes out swinging
Batting: RHB Geoffrey Bishop 0-0: Fly out, F8 (Flyball, 89M)
Top of the 1st over - 4 runs, 4 hits, 0 errors, 0 left on base; Santa Clarita 4 - Yellowknife 0
BOTTOM OF THE 1ST
Yellowknife Claws batting - Pitching for Santa Clarita Music : RHP Martín Morales
Pitching: RHP Martín Morales
Batting: RHB Mike Morrow 0-0: Ball
1-0: Ball
2-0: Foul Ball, location: 2F
2-1: Swinging Strike
2-2: Fly out, F2 (Popup, 23F)
Batting: RHB Preston Church 0-0: Called Strike
0-1: Called Strike
0-2: Strikes out swinging
Batting: LHB Richard Shelton 0-0: Foul Ball, location: 2F
0-1: Ball
1-1: Foul Ball, location: 2F
1-2: Foul Ball, location: 2F
1-2: DOUBLE (Line Drive, 78M)
Batting: RHB Tomás Díaz 0-0: Foul Ball, location: 2F
0-1: Ground out 6-3 (Groundball, 6)
Bottom of the 1st over - 0 runs, 1 hit, 0 errors, 1 left on base; Santa Clarita 4 - Yellowknife 0
TOP OF THE 2ND
Santa Clarita Music batting - Pitching for Yellowknife Claws : RHP Junior Ruíz
Batting: RHB Ramón Cabrera 0-0: Ball
1-0: Ground out 5-3 (Groundball, 56)
Batting: SHB Matthew Hughes 0-0: Ball
1-0: Ball
2-0: Ball
3-0: Base on Balls
Batting: RHB Roberto García 0-0: Ball
Matthew Hughes steals 2nd base
1-0: Called Strike
1-1: Ground out 5-3 (Groundball, 5)
Batting: RHB Bill Ménard 0-0: Fly out, F9 (Line Drive, 89D)
Top of the 2nd over - 0 runs, 0 hits, 0 errors, 1 left on base; Santa Clarita 4 - Yellowknife 0
BOTTOM OF THE 2ND
Yellowknife Claws batting - Pitching for Santa Clarita Music : RHP Martín Morales
Batting: RHB Ernesto Sánchez 0-0: Ball
1-0: Ball
2-0: Ball
3-0: Called Strike
3-1: Base on Balls
Batting: LHB Otis Campbell 0-0: Ball
Ernesto Sánchez steals 2nd base
1-0: Called Strike
1-1: 2-RUN HOME RUN (Flyball, 89XD), Distance : 430 ft
Batting: LHB Ramón Reynoso 0-0: Fly out, F3 (Line Drive, 3)
Batting: RHB Bartolo Luján 0-0: Ball
1-0: Swinging Strike
1-1: Ground out 3-1 (Groundball, 34)
Batting: RHB Neal Sánchez 0-0: Called Strike
0-1: Ball
1-1: Called Strike
1-2: Ground out 4-3 (Groundball, 4)
Bottom of the 2nd over - 2 runs, 1 hit, 0 errors, 0 left on base; Santa Clarita 4 - Yellowknife 2
TOP OF THE 3RD
Santa Clarita Music batting - Pitching for Yellowknife Claws : RHP Junior Ruíz
Batting: LHB Federico Medina 0-0: Ball
1-0: SINGLE (Groundball, 4D)
Batting: RHB Júlio Mateo 0-0: Ball
1-0: Fly out, F8 (Line Drive, 8LM)
Batting: LHB Daryl Thomas 0-0: Ball
Federico Medina steals 2nd base
1-0: Ball
2-0: Ball
3-0: Called Strike
3-1: Fly out, F9 (Flyball, 9S)
Batting: RHB Leroy Bates 0-0: Called Strike
0-1: Ball
1-1: Swinging Strike
1-2: Fly out, F8 (Flyball, 8RD)
Top of the 3rd over - 0 runs, 1 hit, 0 errors, 1 left on base; Santa Clarita 4 - Yellowknife 2
BOTTOM OF THE 3RD
Yellowknife Claws batting - Pitching for Santa Clarita Music : RHP Martín Morales
Batting: RHB Mike Morrow 0-0: Foul Ball, location: 2F
0-1: Foul Ball, location: 2F
0-2: Strikes out swinging
Batting: RHB Preston Church 0-0: Ground out 5-3 (Groundball, 56S)
Batting: LHB Richard Shelton 0-0: Called Strike
0-1: Ball
1-1: Ball
2-1: Ball
3-1: Base on Balls
Batting: RHB Tomás Díaz 0-0: Called Strike
0-1: Foul Ball, location: 2F
0-2: Strikes out swinging
Bottom of the 3rd over - 0 runs, 0 hits, 0 errors, 1 left on base; Santa Clarita 4 - Yellowknife 2
TOP OF THE 4TH
Santa Clarita Music batting - Pitching for Yellowknife Claws : RHP Junior Ruíz
Batting: RHB Geoffrey Bishop 0-0: Called Strike
0-1: Ball
1-1: Ball
2-1: Foul Ball, location: 2F
2-2: Ball
3-2: Strikes out swinging passed ball, reaches first!
Batting: RHB Ramón Cabrera 0-0: Ball
Geoffrey Bishop steals 2nd base
1-0: Foul Ball, location: 2F
1-1: Foul Ball, location: 2F
1-2: Ball
2-2: Strikes out swinging
Batting: SHB Matthew Hughes 0-0: Ball
1-0: Swinging Strike
1-1: Foul Ball, location: 2F
1-2: Foul Ball, location: 2F
1-2: Ball
2-2: Foul Ball, location: 2F
2-2: Ground out 1-3 (Groundball, 13S)
Geoffrey Bishop to third
Batting: RHB Roberto García 0-0: Swinging Strike
0-1: Ball
1-1: Called Strike
1-2: Foul Ball, location: 2F
1-2: Ball
2-2: Strikes out swinging
Top of the 4th over - 0 runs, 0 hits, 0 errors, 1 left on base; Santa Clarita 4 - Yellowknife 2
BOTTOM OF THE 4TH
Yellowknife Claws batting - Pitching for Santa Clarita Music : RHP Martín Morales
Batting: RHB Ernesto Sánchez 0-0: Ball
1-0: Called Strike
1-1: Foul Ball, location: 2F
1-2: Strikes out swinging
Pitching: RHP Roberto Vásquez
Batting: LHB Otis Campbell 0-0: Called Strike
0-1: Called Strike
0-2: Ball
1-2: Ball
2-2: Ground out 1-3 (Groundball, 15S)
Batting: LHB Ramón Reynoso 0-0: Ball
1-0: Ball
2-0: SINGLE (Flyball, 78S)
Batting: RHB Bartolo Luján 0-0: Called Strike
0-1: Ball
1-1: Ball
2-1: Ball
3-1: Foul Ball, location: 2F
3-2: Foul Ball, location: 2F
3-2: Hit by Pitch
Ramón Reynoso to second
Batting: RHB Neal Sánchez 0-0: Called Strike
0-1: Swinging Strike
0-2: Strikes out looking
Bottom of the 4th over - 0 runs, 1 hit, 0 errors, 2 left on base; Santa Clarita 4 - Yellowknife 2
TOP OF THE 5TH
Santa Clarita Music batting - Pitching for Yellowknife Claws : RHP Junior Ruíz
Batting: RHB Bill Ménard 0-0: Ball
1-0: Foul Ball, location: 2F
1-1: Called Strike
1-2: Fly out, F9 (Line Drive, 9S)
Batting: LHB Federico Medina 0-0: Ball
1-0: Foul Ball, location: 2F
1-1: Swinging Strike
1-2: Strikes out swinging
Batting: RHB Júlio Mateo 0-0: Ball
1-0: Ball
2-0: Fly out, F9 (Flyball, 89M)
Top of the 5th over - 0 runs, 0 hits, 0 errors, 0 left on base; Santa Clarita 4 - Yellowknife 2
BOTTOM OF THE 5TH
Yellowknife Claws batting - Pitching for Santa Clarita Music : RHP Roberto Vásquez
Batting: RHB Mike Morrow 0-0: Ball
1-0: Ball
2-0: Fly out, F8 (Flyball, 8RD)
Batting: RHB Preston Church 0-0: Called Strike
0-1: Ball
1-1: Ball
2-1: Swinging Strike
2-2: Ball
3-2: Ground out 5-3 (Groundball, 2L)
Batting: LHB Richard Shelton 0-0: Ball
1-0: Called Strike
1-1: Called Strike
1-2: Foul Ball, location: 2F
1-2: Ball
2-2: Ball
3-2: Foul Ball, location: 2F
3-2: Ground out 4-3 (Groundball, 4)
Bottom of the 5th over - 0 runs, 0 hits, 0 errors, 0 left on base; Santa Clarita 4 - Yellowknife 2
TOP OF THE 6TH
Santa Clarita Music batting - Pitching for Yellowknife Claws : RHP Junior Ruíz
Pitching: RHP Rubén Serna
Batting: LHB Daryl Thomas 0-0: Ball
1-0: Called Strike
1-1: Ball
2-1: Ball
3-1: Base on Balls
Batting: RHB Leroy Bates 0-0: SINGLE (Groundball, 6MD)
Daryl Thomas to second
Batting: RHB Geoffrey Bishop 0-0: Ball
1-0: Foul Ball, location: 2F
1-1: Ball
2-1: Ball
3-1: SINGLE (Line Drive, 6MD)
Daryl Thomas to third
Leroy Bates to second
Batting: RHB Ramón Cabrera 0-0: Called Strike
0-1: Ball
1-1: Fly out, F9 (Flyball, 9LSF)
Runner from 3rd tags up, SCORES, no throw
Batting: SHB Matthew Hughes 0-0: Called Strike
0-1: Foul Ball, location: 2F
0-2: Strikes out swinging
Batting: RHB Roberto García 0-0: Called Strike
0-1: Ball
1-1: Called Strike
1-2: Fly out, F6 (Popup, 6M)
Top of the 6th over - 1 run, 2 hits, 0 errors, 2 left on base; Santa Clarita 5 - Yellowknife 2
BOTTOM OF THE 6TH
Yellowknife Claws batting - Pitching for Santa Clarita Music : RHP Roberto Vásquez
Batting: RHB Tomás Díaz 0-0: Called Strike
0-1: Ball
1-1: Ball
2-1: Swinging Strike
2-2: Strikes out swinging
Batting: RHB Ernesto Sánchez 0-0: Fly out, F9 (Flyball, 9)
Batting: LHB Otis Campbell 0-0: Ball
1-0: Swinging Strike
1-1: Foul Ball, location: 2F
1-2: Fly out, F5 (Popup, 6)
Bottom of the 6th over - 0 runs, 0 hits, 0 errors, 0 left on base; Santa Clarita 5 - Yellowknife 2
TOP OF THE 7TH
Santa Clarita Music batting - Pitching for Yellowknife Claws : RHP Rubén Serna
Batting: RHB Bill Ménard 0-0: Ball
1-0: Ground out 1-3 (Groundball, 13)
Batting: LHB Federico Medina 0-0: Swinging Strike
0-1: Ball
1-1: Ball
2-1: SINGLE (Line Drive, 9LM)
Batting: RHB Júlio Mateo 0-0: SINGLE (Line Drive, 78S)
Federico Medina to second
Batting: LHB Daryl Thomas 0-0: Ball
1-0: Ball
2-0: Foul Ball, location: 2F
2-1: Fly out, F8 (Flyball, 8LS)
Batting: RHB Leroy Bates 0-0: Called Strike
0-1: Foul Ball, location: 2F
0-2: Ball
1-2: Foul Ball, location: 2F
1-2: Ball
2-2: Ball
3-2: Base on Balls
Federico Medina to third
Júlio Mateo to second
Pinch Hitting: RHB Jeff Peterson 0-0: Ball
1-0: Called Strike
1-1: Ball
2-1: Ball
3-1: Fly out, F9 (Flyball, 89M)
Top of the 7th over - 0 runs, 2 hits, 0 errors, 3 left on base; Santa Clarita 5 - Yellowknife 2
BOTTOM OF THE 7TH
Yellowknife Claws batting - Pitching for Santa Clarita Music : RHP Roberto Vásquez
Now at 2B: Juan Martínez
Batting: LHB Ramón Reynoso 0-0: Ball
1-0: Ball
2-0: Fly out, F7 (Flyball, 7LM)
Batting: RHB Bartolo Luján 0-0: SINGLE (Groundball, 6D)
Batting: RHB Neal Sánchez 0-0: Called Strike
0-1: Ball
1-1: Ball
2-1: Called Strike
2-2: Ball
3-2: Fly out, F8 (Flyball, 8RD)
Batting: RHB Mike Morrow 0-0: Called Strike
0-1: Ball
1-1: Foul Ball, location: 2F
1-2: Fielders Choice at 2nd, 5-4 (Groundball, 56)
Bottom of the 7th over - 0 runs, 1 hit, 0 errors, 1 left on base; Santa Clarita 5 - Yellowknife 2
TOP OF THE 8TH
Santa Clarita Music batting - Pitching for Yellowknife Claws : RHP Rubén Serna
Batting: RHB Ramón Cabrera 0-0: Ground out 1-3 (Groundball, P)
Batting: SHB Matthew Hughes 0-0: Fly out, F4 (Line Drive, 4)
Batting: RHB Roberto García 0-0: Fly out, F8 (Line Drive, 8RD)
Top of the 8th over - 0 runs, 0 hits, 0 errors, 0 left on base; Santa Clarita 5 - Yellowknife 2
BOTTOM OF THE 8TH
Yellowknife Claws batting - Pitching for Santa Clarita Music : RHP Roberto Vásquez
Batting: RHB Preston Church 0-0: Called Strike
0-1: Ground out 5-3 (Groundball, 56S)
Batting: LHB Richard Shelton 0-0: Ball
1-0: Swinging Strike
1-1: Ball
2-1: Fly out, F8 (Flyball, 8LXD)
Batting: RHB Tomás Díaz 0-0: Called Strike
0-1: Ball
1-1: Ground out U3 (Groundball, 3)
Bottom of the 8th over - 0 runs, 0 hits, 0 errors, 0 left on base; Santa Clarita 5 - Yellowknife 2
TOP OF THE 9TH
Santa Clarita Music batting - Pitching for Yellowknife Claws : RHP Rubén Serna
Batting: RHB Bill Ménard 0-0: Called Strike
0-1: Ball
1-1: Called Strike
1-2: Foul Ball, location: 2F
1-2: Foul Ball, location: 2F
1-2: Ball
2-2: Ball
3-2: Foul Ball, location: 2F
3-2: Ground out 4-3 (Groundball, 4S)
Batting: LHB Federico Medina 0-0: Ball
1-0: Ground out 4-3 (Groundball, 4)
Batting: RHB Júlio Mateo 0-0: Ball
1-0: SINGLE (Groundball, 6) (infield hit)
Batting: LHB Daryl Thomas 0-0: Ball
1-0: Ball
2-0: Foul Ball, location: 2F
2-1: Ball
3-1: Foul Ball, location: 2F
3-2: Foul Ball, location: 2F
3-2: Base on Balls
Júlio Mateo to second
Pitching: LHP Germán Ramírez
Batting: RHB Leroy Bates 0-0: Ground out 4-3 (Groundball, 4M)
Top of the 9th over - 0 runs, 1 hit, 0 errors, 2 left on base; Santa Clarita 5 - Yellowknife 2
BOTTOM OF THE 9TH
Yellowknife Claws batting - Pitching for Santa Clarita Music : RHP Roberto Vásquez
Pitching: RHP Nick Carroll
Now at SS: Francisco Candelária
Batting: RHB Ernesto Sánchez 0-0: Foul Ball, location: 2F
0-1: SINGLE (Line Drive, 34)
Batting: LHB Otis Campbell 0-0: Swinging Strike
0-1: Ball
1-1: Foul Ball, location: 2F
1-2: Strikes out looking
Batting: LHB Ramón Reynoso 0-0: Ball
1-0: Called Strike
1-1: DOUBLE (Line Drive, 89XD)
Ernesto Sánchez to third
Pinch Hitting: SHB David Stanley 0-0: Swinging Strike
0-1: Swinging Strike
0-2: Ball
1-2: Strikes out looking
Batting: RHB Neal Sánchez 0-0: Ball
1-0: Fly out, F9 (Flyball, 89M)
Bottom of the 9th over - 0 runs, 2 hits, 0 errors, 2 left on base; Santa Clarita 5 - Yellowknife 2
Saturday, April 7th, 2018 - OOTP Baseball 18.8 Build 76